 Dungeon Crawl Stone Soup version 0.26.1-11-gd32895ea62 (webtiles) character file.

Game seed: 2058607657372178946

653 H0rd4k the Insei (level 7, -6/64 HPs)
             Began as an Octopode Transmuter on July 13, 2021.
             Mangled by an orc warrior
             ... wielding a +0 scimitar
              (15 damage)
             ... on level 5 of the Dungeon.
             The game lasted 00:05:43 (5063 turns).

H0rd4k the Insei (Octopode Transmuter)              Turns: 5063, Time: 00:05:43

Health: -6/64      AC: 23    Str:  8 (9)  XL:     7   Next: 54%
Magic:  12/12      EV:  2    Int: 16 (18) God:
Gold:   259        SH:  0    Dex:  9 (12) Spells: 9/13 levels left

rFire    + . .     SeeInvis .     - Unarmed
rCold    . . .     Faith    .   (no shield)
rNeg     + + +     Spirit   .   (helmet currently unavailable)
rPois    +         Reflect  .   i - amulet of regeneration
rElec    .         Harm     .   q - ring of protection from fire
rCorr    .         Rampage  .   (no ring)
Will     .....     NoTele   +   (no ring)
Stlth    +.........             (no ring)
HPRegen  0.60/turn              (no ring)
MPRegen  0.13/turn              (no ring)
                                (no ring)
                                (no ring)

@: tree-form, very slightly contaminated, invisible
A: almost no armour, stealthy swim, (amphibious), 8 rings, (constrict 8)
a: no special abilities


You were on level 5 of the Dungeon.
You were a tree.
You visited 1 branch of the dungeon, and saw 5 of its levels.

You collected 259 gold pieces.

Inventory:

Missiles
 f - 57 poisoned darts
 r - 7 curare-tipped darts
Armour
 l - a +2 hat (melded)
Jewellery
 i - an amulet of regeneration (around neck)
 q - a ring of protection from fire (left branch)
Scrolls
 a - 3 scrolls of fog {unknown}
 b - 5 scrolls of teleportation
 c - 5 scrolls of identify {unknown}
 d - a scroll of enchant armour {unknown}
 m - a scroll of amnesia {unknown}
 n - a scroll of blinking {unknown}
 o - a scroll of magic mapping {unknown}
Potions
 e - 2 potions of lignification
 g - 5 potions of curing
 h - a potion of ambrosia {unknown}
 k - 3 potions of degeneration
 p - 2 potions of heal wounds {unknown}


   Skills:
 + Level 1.5 Fighting
 + Level 3.3 Dodging
 - Level 0.3 Stealth
 + Level 5.9 Unarmed Combat
 * Level 3.8 Spellcasting
 * Level 3.6 Transmutations
 + Level 1.7 Poison Magic


You had 9 spell levels left.
You knew the following spells:

 Your Spells              Type           Power        Failure   Level
a - Beastly Appendage     Tmut           28%          3%          1
b - Spider Form           Tmut/Pois      5%           17%         3

Your spell library contained the following spells:

 Spells                   Type           Power        Failure   Level
 Wereblood                Tmut           14%          6%          2
 Ice Form                 Ice/Tmut       8%           63%         4
 Blade Hands              Tmut           7%           71%         5


Dungeon Overview and Level Annotations

Branches:
Dungeon (5/15)
 Temple: D:4-7

Altars:
Qazlal
Ru
Trog
Xom
Yredelemnul
Zin
The Shining One

Shops:
D:4 (


Innate Abilities, Weirdness & Mutations

You cannot wear most types of armour.
You are very stealthy in the water. (Stealth+)
((You are amphibious.))
You can wear up to eight rings at the same time.
((You can use your tentacles to constrict eight enemies at once.))
((Your skin changes colour to match your surroundings (Stealth+).))
((Your rubbery body absorbs attacks. (AC +1, EV +1)))


Message History

The orc warrior is heavily wounded.
The orc warrior hits you but does no damage.
You hit the orc warrior.
The orc warrior is severely wounded.
You catch the helpless orc warrior completely off-guard!
You hit the orc warrior but do no damage.
The orc warrior is severely wounded.
The quasit gives a chilling moan.
You hit the orc priest. Your punch misses the orc priest.
The orc priest is lightly wounded.
The orc priest hits you but does no damage.
The orc warrior hits you with a +0 scimitar!
* * * LOW HITPOINT WARNING * * *
You strike the helpless orc priest from behind!
You smack the orc priest!
You kill the orc priest!
The orc warrior hits you with a +0 scimitar.
* * * LOW HITPOINT WARNING * * *
The orc warrior hits you with a +0 scimitar!
You die...

#......÷.......##.......###
#....#.#....########....#..
#....#...#..##### ######..
##.......##.....## #..
#.#.........##..# #..
...####......##..########..
...........................
####..)).........#####..
#.##♣o.....########..
##.##...##........##..
#.o.....#.........##..
#.......#.........##..
.......##............##..
.........#......########..
.........#..###..# #..
.........#.##.##.# #..
.......###.#5.$#.# #..


You could see an orc warrior.

Vanquished Creatures
  An ice beast (D:5)
  An ogre (D:4)
  A howler monkey (D:3)
  2 orc priests
  2 orc wizards (D:4)
  A centaur skeleton (D:5)
  An iguana (D:4)
  A worker ant (D:4)
  A hound zombie (D:5)
  5 gnolls
  10 adders
  An ufetubus (D:5)
  An ooze (D:2)
  5 worms
  2 dart slugs
  A leopard gecko (D:3)
  4 orcs
  5 giant cockroaches
  5 goblins
  5 hobgoblins
  10 jackals
  2 kobolds
  A quokka (D:5)
  7 bats
  5 frilled lizards
  A jackal skeleton (D:4)
  2 leopard gecko skeletons (D:4)
  A leopard gecko zombie (D:5)
  7 rats
91 creatures vanquished.

Notes
Turn   | Place    | Note
-------+----------+-------------------------------------------
     0 | D:1      | H0rd4k the Octopode Transmuter began the quest for the Orb.
     0 | D:1      | Reached XP level 1. HP: 13/13 MP: 3/3
   142 | D:1      | Reached XP level 2. HP: 18/18 MP: 5/5
   912 | D:2      | Reached XP level 3. HP: 5/23 MP: 6/6
   912 | D:2      | HP: 1/23 [rat (3)]
  1554 | D:2      | HP: 1/23 [bat (1)]
  1909 | D:2      | Reached XP level 4. HP: 24/28 MP: 5/7
  1913 | D:2      | Learned a level 3 spell: Spider Form
  2104 | D:2      | Reached skill level 4 in Unarmed Combat
  2191 | D:2      | Reached skill level 1 in Poison Magic
  2553 | D:3      | Reached XP level 5. HP: 33/33 MP: 9/9
  2823 | D:3      | Found a stormy altar of Qazlal.
  2837 | D:3      | Found a sacrificial altar of Ru.
  2845 | D:3      | Found a bloodstained altar of Trog.
  2853 | D:3      | Found a shimmering altar of Xom.
  2860 | D:3      | Found a glowing silver altar of Zin.
  2868 | D:3      | Found a basalt altar of Yredelemnul.
  2873 | D:3      | Found a glowing golden altar of the Shining One.
  3437 | D:4      | Reached XP level 6. HP: 38/38 MP: 3/10
  3754 | D:4      | Reached skill level 5 in Unarmed Combat
  3957 | D:4      | Found Burid's Weapon Emporium.
  4418 | D:5      | Entered Level 5 of the Dungeon
  4474 | D:5      | Reached XP level 7. HP: 41/43 MP: 12/12
  5063 | D:5      | Mangled by an orc warrior

Illustrated notes

Levels and vault maps discovered:
D:1:      evilmike_arrival_plus, layout_basic
D:2:      layout_basic, minmay_vboxes
D:3:      layout_loops_ring, grunt_temple_overflow_octagram,
          minmay_misc_feat_encased
D:4:      layout_basic, serial_shops, nicolae_shop_behind_doors,
          minmay_misc_feat_x
D:5:      cheibrodos_quashed, layout_basic, minivault_19

Skill      XL: |  1  2  3  4  5  6 |
---------------+-------------------+-----
Unarmed Combat | 4 5 |  5.9
Poison Magic   | 1 |  1.7
Spellcasting   | 3 |  3.8
Dodging        | 3 |  3.3
Transmutations | 3 |  3.6
Fighting       | |  1.5
Stealth        | |  0.3

Action                   |  1- 3 |  4- 6 |  7- 9 || total
-------------------------+-------+-------+-------++-------
Melee: Unarmed           |    73 |   145 |    49 ||   267
       Constrict         |    22 |    29 |     1 ||    52
       Tentacles         |    11 |    24 |     4 ||    39
       Punch             |     2 |     3 |       ||     5
       Kick              |       |     1 |       ||     1
 Cast: Spider Form       |       |     6 |     4 ||    10
       Beastly Appendage |       |     1 |       ||     1
  Use: Potion            |     2 |       |     4 ||     6
       Scroll            |       |       |     1 ||     1
 Stab: Sleeping          |       |     8 |     1 ||     9
       Invisible         |       |       |     3 ||     3
Armor: Skin              |     4 |    11 |     9 ||    24
Dodge: Dodged            |    51 |    72 |    30 ||   153
